 Dungeon Crawl Stone Soup version 0.29.0-4-gdea44cf6ec (webtiles) character file.

Game seed: 17962019186845041338

912 qw the Cleaver (level 8, -1/46 HPs)
             Began as a Tengu Warper on Aug 28, 2022.
             Shot with an arrow by a centaur (7 damage)
             ... on level 6 of the Dungeon.
             The game lasted 00:00:28 (5596 turns).

qw the Cleaver (Tengu Warper)                       Turns: 5596, Time: 00:00:28

Health: -1/46      AC:  8    Str: 14    XL:     8   Next: 9%
Magic:  12/12      EV: 11    Int: 13    God:
Gold:   105        SH:  0    Dex: 14    Spells: 11/11 levels left

rFire   + . .      SeeInvis +   Y - +0 war axe
rCold   . . .      Faith    .   (no shield)
rNeg    . . .      Spirit   .   c - +0 scale mail
rPois   .          Reflect  .   (helmet restricted)
rElec   .          Harm     .   (no cloak)
rCorr   .          Rampage  .   q - +1 pair of gloves
Will    .....                   (boots unavailable)
Stlth   ..........              (no amulet)
HPRegen 0.15/turn               h - ring of protection from fire
MPRegen 0.13/turn               m - ring of see invisible

@: flying quickly and evasively, quick
A: beak, talons 3, nimble flight
a: no special abilities


You were on level 6 of the Dungeon.
You visited 1 branch of the dungeon, and saw 6 of its levels.

You collected 179 gold pieces.
You spent 74 gold pieces at shops.


Innate Abilities, Weirdness & Mutations

You have a beak for a mouth.
You have claws for feet.
Your magical nature lets you fly swiftly and evasively.


   Skills:
 - Level 3.5 Fighting
 + Level 8.7 Axes
 - Level 2.3 Throwing
 - Level 3.0 Armour
 - Level 2.1 Dodging
 - Level 2.0 Spellcasting
 - Level 2.4 Translocations


You had 11 spell levels left.
You didn't know any spells.
Your spell library contained the following spells:

 Spells                   Type           Power      Damage    Failure   Level
 Blink                    Tloc           14%        N/A       52%         2
 Gell's Gravitas          Tloc           7%         N/A       75%         3
 Lesser Beckoning         Tloc           7%         N/A       75%         3
 Teleport Other           Tloc           7%         N/A       75%         3
 Manifold Assault         Tloc           7%         N/A       100%        5

Inventory:

Hand Weapons
 l - a +0 flail
 Y - a +0 war axe (weapon)
Missiles
 o - 2 silver javelins (quivered)
Armour
 c - a +0 scale mail (worn)
 q - a +1 pair of gloves (worn)
Jewellery
 h - a ring of protection from fire (left hand)
 m - a ring of see invisible (right hand)
Scrolls
 d - a scroll of identify
Potions
 b - 2 potions of mutation
 f - a potion of haste
 i - 5 potions of curing
 n - a potion of attraction {unknown}
 p - a potion of berserk rage {unknown}
 s - a potion of degeneration {unknown}

Dungeon Overview and Level Annotations

Branches:
Dungeon (6/15)
 Temple: D:4-7

Altars:
Gozag
Hepliaklqana
Kikubaaqudgha
Trog
The Shining One

Shops:
D:2 !   D:4 [   D:5 (


Message History

5586 ||| FLEEEEING.
The centaur shouts!
You hear a bark!
The centaur wields a +0 shortbow.
The centaur shoots an arrow.
The arrow hits you.
5587 ||| Stepping ~*~*~tactically~*~*~ (hiding).
5588 ||| Stepping ~*~*~tactically~*~*~ (hiding).
5589 ||| FLEEEEING.
The centaur shoots an arrow.
The arrow hits you.
The centaur shoots an arrow.
The arrow barely misses you.
5590 ||| Stepping ~*~*~tactically~*~*~ (hiding).
You closely miss the necrophage. Your kick misses the necrophage.
You peck the necrophage. Your punch misses the necrophage.
The necrophage is lightly damaged.
The necrophage misses you.
The centaur shoots an arrow.
The arrow hits you.
You hear a bark!
You slash the necrophage! Your kick misses the necrophage.
The necrophage is heavily damaged.
The necrophage hits you.
You feel drained.
The centaur shoots an arrow.
The arrow hits you.
You hear a shout!
5593 ||| DRINKING potion of heal wounds.
You feel much better.
The centaur shoots an arrow.
The arrow hits you. The necrophage hits you.
The centaur shoots an arrow.
The arrow hits you.
You slash the necrophage! Your peck misses the necrophage.
The necrophage is severely damaged.
The necrophage hits you.
The centaur shoots an arrow.
The arrow hits you!
The necrophage hits you but does no damage.
You slash the necrophage!
You destroy the necrophage!
The centaur shoots an arrow.
The arrow barely misses you.
A hound comes into view.
The centaur shoots an arrow.
The arrow hits you.
You hear an angry growl.
Your life force feels restored.
An orc comes into view. It is wielding a +0 mace.
The orc shouts!
The centaur shoots an arrow.
The arrow hits you.
The centaur shoots an arrow.
The arrow hits you!
You die...

.## . #..##..
.#..o.. ####.....
##......
#)...h###.#
#..#c%....#
##........##
#####..@#####...#
#.............#..
......(##......#
# ....!.# .......
....## .......
... ......# ..
......# . ......#


You could see a centaur, a hound and an orc.

Vanquished Creatures
  2 water moccasins (D:5)
  2 phantoms
  A kobold brigand (D:4)
  Blork the orc (D:5)
  3 scorpions (D:4)
  A necrophage (D:6)
  2 hounds
  An iguana (D:4)
  An adder (D:3)
  A shadow imp (D:6)
  An ufetubus (D:5)
  3 worms
  A dart slug (D:1)
  2 orcs (D:4)
  8 endoplasms
  2 giant cockroaches
  3 goblins
  4 hobgoblins
  3 jackals (D:2)
  5 kobolds
  A quokka (D:1)
  5 ball pythons
  4 bats
  A frilled lizard (D:2)
  6 rats
64 creatures vanquished.

Vanquished Creatures (others)
  A plant (D:4)
1 creature vanquished.

Grand Total: 65 creatures vanquished

Notes
Turn   | Place    | Note
-------+----------+-------------------------------------------
     0 | D:1      | qw the Tengu Warper began the quest for the Orb.
     0 | D:1      | Reached XP level 1. HP: 12/12 MP: 4/4
     0 | D:1      | 0 ||| qw: Version: 0.1-a-89-g26bdef1
     0 | D:1      | 0 ||| qw: Game counter: 2726
     0 | D:1      | 0 ||| qw: Always use a shield: true
     0 | D:1      | 0 ||| qw: God list: Okawaru
     0 | D:1      | 0 ||| qw: Allow faded altars: false
     0 | D:1      | 0 ||| qw: Do Orc after D:15 true
     0 | D:1      | 0 ||| qw: Do second Lair branch before Depths: true
     0 | D:1      | 0 ||| qw: Lair rune preference: random
     0 | D:1      | 0 ||| qw: Plans: Normal
     0 | D:1      | 0 ||| PLANNING D:1-11
   243 | D:1      | Reached XP level 2. HP: 14/17 MP: 6/6
   244 | D:1      | Reached skill level 3 in Axes
  1102 | D:1      | 1102 ||| READING scroll labelled BIZESH XOGIHAE.
  1103 | D:1      | 1103 ||| READING scroll labelled HODEHA LUUCOSS.
  1104 | D:1      | 1104 ||| DROPPING scroll of blinking.
  1164 | D:2      | 1164 ||| STAIRDANCE
  1302 | D:2      | 1302 ||| DROPPING +0 club.
  1327 | D:2      | 1327 ||| Stepping ~*~*~tactically~*~*~ (stealth).
  1337 | D:2      | 1337 ||| Stepping ~*~*~tactically~*~*~ (stealth).
  1361 | D:2      | 1361 ||| Stepping ~*~*~tactically~*~*~ (stealth).
  1363 | D:2      | 1363 ||| Stepping ~*~*~tactically~*~*~ (stealth).
  1370 | D:2      | Reached XP level 3. HP: 21/21 MP: 7/7
  1456 | D:2      | Noticed a phantom
  1473 | D:2      | Killed a phantom
  1474 | D:2      | Reached skill level 5 in Axes
  1474 | D:2      | Reached XP level 4. HP: 17/26 MP: 8/8
  1490 | D:2      | 1490 ||| FLEEEEING.
  1491 | D:2      | 1491 ||| FLEEEEING.
  1492 | D:2      | 1492 ||| FLEEEEING.
  1494 | D:2      | 1494 ||| FLEEEEING.
  1495 | D:2      | 1495 ||| FLEEEEING.
  1496 | D:2      | 1496 ||| FLEEEEING.
  1497 | D:2      | 1497 ||| FLEEEEING.
  1498 | D:2      | 1498 ||| FLEEEEING.
  1499 | D:2      | 1499 ||| FLEEEEING.
  1500 | D:2      | 1500 ||| FLEEEEING.
  1501 | D:2      | 1501 ||| FLEEEEING.
  1502 | D:2      | 1502 ||| FLEEEEING.
  1503 | D:2      | 1503 ||| FLEEEEING.
  1504 | D:2      | 1504 ||| FLEEEEING.
  1523 | D:2      | 1523 ||| FLEEEEING.
  1524 | D:2      | 1524 ||| FLEEEEING.
  1525 | D:2      | 1525 ||| FLEEEEING.
  1526 | D:2      | 1526 ||| FLEEEEING.
  1527 | D:2      | 1527 ||| FLEEEEING.
  1528 | D:2      | 1528 ||| FLEEEEING.
  1529 | D:2      | 1529 ||| FLEEEEING.
  1530 | D:2      | 1530 ||| FLEEEEING.
  1531 | D:2      | 1531 ||| FLEEEEING.
  1532 | D:2      | 1532 ||| FLEEEEING.
  1533 | D:2      | 1533 ||| FLEEEEING.
  1534 | D:2      | 1534 ||| FLEEEEING.
  1535 | D:2      | 1535 ||| FLEEEEING.
  1536 | D:2      | 1536 ||| FLEEEEING.
  1537 | D:2      | 1537 ||| FLEEEEING.
  1538 | D:2      | 1538 ||| FLEEEEING.
  1539 | D:2      | 1539 ||| FLEEEEING.
  1540 | D:2      | 1540 ||| FLEEEEING.
  1541 | D:2      | 1541 ||| STAIRDANCE
  1581 | D:1      | 1581 ||| UPGRADING to ring of protection from fire.
  1582 | D:1      | 1582 ||| READING scroll labelled PETWYKHLOLI.
  1598 | D:2      | Found a faded altar of an unknown god.
  1708 | D:2      | 1708 ||| Stepping ~*~*~tactically~*~*~ (stealth).
  1709 | D:2      | 1709 ||| Stepping ~*~*~tactically~*~*~ (stealth).
  1711 | D:2      | 1711 ||| Stepping ~*~*~tactically~*~*~ (stealth).
  1712 | D:2      | 1712 ||| Stepping ~*~*~tactically~*~*~ (stealth).
  1786 | D:2      | Found Zolieth Hege's Distillery.
  1796 | D:2      | 1796 ||| BUYING potion of curing (30 gold).
  1796 | D:2      | Bought a potion of curing for 30 gold pieces
  1796 | D:2      | 1796 ||| SHOPLISTING potion of heal wounds (50 gold, have
                  | 2).
  2012 | D:2      | 2012 ||| READING 2 scrolls labelled GEBLYE GYTA.
  2230 | D:3      | Found a bloodstained altar of Trog.
  2230 | D:3      | Found a hazy altar of Hepliaklqana.
  2240 | D:3      | Gained mutation: Your magical nature lets you fly swiftly
                  | and evasively. [Tengu growth]
  2240 | D:3      | Reached XP level 5. HP: 20/30 MP: 9/9
  2404 | D:3      | 2404 ||| SWAPPING to +0 war axe.
  2405 | D:3      | 2405 ||| DROPPING +0 hand axe.
  2792 | D:3      | 2792 ||| UPGRADING to +0 ring mail.
  2802 | D:3      | 2802 ||| DROPPING +0 leather armour.
  2803 | D:3      | 2803 ||| UPGRADING to +0 pair of gloves.
  2808 | D:3      | 2808 ||| READING scroll labelled OPPEKYRHAL.
  2809 | D:3      | 2809 ||| READING 2 scrolls of identify.
  2809 | D:3      | 2809 ||| IDENTIFYING metallic purple potion
  2855 | D:4      | Found Ohoot's Armour Shoppe.
  2873 | D:4      | HP: 7/30 [poisoned by a scorpion]
  2874 | D:4      | 2874 ||| READING 3 scrolls of teleportation.
  2874 | D:4      | HP: 2/30 [poisoned by a scorpion]
  2875 | D:4      | 2875 ||| DRINKING potion of heal wounds.
  2877 | D:4      | 2877 ||| DRINKING 2 potions of curing.
  2877 | D:4      | 2877 ||| (to cure poison)
  3032 | D:4      | 3032 ||| Stepping ~*~*~tactically~*~*~ (stealth).
  3062 | D:4      | 3062 ||| BUYING +0 scale mail (44 gold).
  3062 | D:4      | Bought a +0 scale mail for 44 gold pieces
  3163 | D:4      | Reached skill level 6 in Axes
  3252 | D:4      | Found an opulent altar of Gozag.
  3305 | D:4      | 3305 ||| Stepping ~*~*~tactically~*~*~ (stealth).
  3328 | D:4      | Found an ancient bone altar of Kikubaaqudgha.
  3351 | D:4      | Reached XP level 6. HP: 16/35 MP: 10/10
  3547 | D:4      | Reached skill level 7 in Axes
  3628 | D:4      | 3628 ||| Stepping ~*~*~tactically~*~*~ (stealth).
  3661 | D:4      | 3661 ||| FLEEEEING.
  3662 | D:4      | 3662 ||| FLEEEEING.
  3663 | D:4      | 3663 ||| FLEEEEING.
  3664 | D:4      | 3664 ||| FLEEEEING.
  3678 | D:4      | 3678 ||| FLEEEEING.
  3679 | D:4      | 3679 ||| FLEEEEING.
  3680 | D:4      | 3680 ||| FLEEEEING.
  3681 | D:4      | 3681 ||| FLEEEEING.
  3682 | D:4      | 3682 ||| FLEEEEING.
  3683 | D:4      | 3683 ||| FLEEEEING.
  3684 | D:4      | 3684 ||| FLEEEEING.
  3690 | D:4      | 3690 ||| FLEEEEING.
  3691 | D:4      | 3691 ||| FLEEEEING.
  3695 | D:4      | 3695 ||| STAIRDANCE
  3793 | D:3      | 3793 ||| UPGRADING to +0 scale mail.
  3803 | D:3      | 3803 ||| DROPPING +0 ring mail.
  3804 | D:3      | 3804 ||| UPGRADING to ring of see invisible.
  3930 | D:4      | 3930 ||| DROPPING +0 whip.
  3938 | D:4      | Found a glowing golden altar of the Shining One.
  4031 | D:4      | Reached skill level 3 in Fighting
  4226 | D:4      | Reached XP level 7. HP: 26/41 MP: 11/11
  4398 | D:4      | 4398 ||| READING 2 scrolls of identify.
  4398 | D:4      | 4398 ||| IDENTIFYING inky potion
  4416 | D:5      | Entered Level 5 of the Dungeon
  4430 | D:5      | Found Tokur's Weapon Boutique.
  4453 | D:5      | 4453 ||| Stepping ~*~*~tactically~*~*~ (stealth).
  4561 | D:5      | 4561 ||| SHOPLISTING +8 war axe of the Boar {vorpal, rElec
                  | rPois rCorr} (828 gold, have 77).
  4789 | D:5      | 4789 ||| READING scroll of enchant armour.
  4789 | D:5      | 4789 ||| ENCHANTING +0 pair of gloves.
  4831 | D:5      | Noticed Blork the orc
  4840 | D:5      | Killed Blork the orc
  4841 | D:5      | Reached skill level 8 in Axes
  5140 | D:5      | 5140 ||| READING scroll labelled COOL MIONG.
  5141 | D:5      | 5141 ||| DRINKING 2 smoky amethyst potions.
  5142 | D:5      | 5142 ||| READING 4 scrolls of identify.
  5142 | D:5      | 5142 ||| IDENTIFYING bubbling coppery potion
  5143 | D:5      | 5143 ||| READING 3 scrolls of identify.
  5143 | D:5      | 5143 ||| IDENTIFYING amethyst potion
  5144 | D:5      | 5144 ||| READING 2 scrolls of identify.
  5144 | D:5      | 5144 ||| IDENTIFYING yellow potion
  5145 | D:5      | 5145 ||| DROPPING potion of brilliance.
  5146 | D:5      | 5146 ||| DROPPING potion of lignification.
  5147 | D:5      | 5147 ||| DROPPING potion of flight.
  5148 | D:5      | 5148 ||| READING 3 scrolls of teleportation.
  5202 | D:5      | 5202 ||| READING 2 scrolls of teleportation.
  5203 | D:5      | 5203 ||| STAIRDANCE
  5230 | D:6      | 5230 ||| STAIRDANCE
  5236 | D:5      | HP: 10/41 [water moccasin (5)]
  5237 | D:5      | 5237 ||| READING scroll of teleportation.
  5238 | D:5      | 5238 ||| DRINKING 2 potions of heal wounds.
  5345 | D:5      | Reached skill level 3 in Armour
  5579 | D:6      | Reached XP level 8. HP: 46/46 MP: 12/12
  5585 | D:6      | 5585 ||| Stepping ~*~*~tactically~*~*~ (stealth).
  5586 | D:6      | 5586 ||| FLEEEEING.
  5587 | D:6      | 5587 ||| Stepping ~*~*~tactically~*~*~ (hiding).
  5588 | D:6      | 5588 ||| Stepping ~*~*~tactically~*~*~ (hiding).
  5589 | D:6      | 5589 ||| FLEEEEING.
  5590 | D:6      | 5590 ||| Stepping ~*~*~tactically~*~*~ (hiding).
  5592 | D:6      | HP: 11/44 [centaur/arrow (2)]
  5593 | D:6      | 5593 ||| DRINKING potion of heal wounds.
  5596 | D:6      | Shot with an arrow by a centaur

Levels and vault maps discovered:
D:1:      tarquinn_simple_flora_water_f, layout_basic,
          chequers_hall_statues_corner_a
D:2:      layout_basic, basic_ecumenical_altar, serial_shops,
          nicolae_shop_statue_plus
D:3:      layout_loops_ring, mainiacjoe_overflow_divided_tiny,
          grunt_ministairs_5
D:4:      layout_basic, tso_oasis_becter, kennysheep_mini_moat,
          lemuel_doored_altar, nicolae_wooded_promenade
D:5:      layout_basic, serial_shops, shop_fountains, uniq_blork_the_orc
D:6:      layout_rooms, lemuel_round_altar, mainiacjoe_overflow_chevrons,
          minmay_temple_entry_sparse_star, serial_undead, serial_undead_a,
          serial_undead_c, serial_undead_e, serial_undead_a

Skill      XL: |  1  2  3  4  5  6  7 |
---------------+----------------------+-----
Axes           | 3 5 6 7 8 |  8.7
Fighting       | 3 |  3.5
Throwing       | 2 |  2.3
Armour         | 3 |  3.0
Dodging        | |  2.1
Spellcasting   | |  2.0
Translocations | |  2.4

Action                   |  1- 3 |  4- 6 |  7- 9 || total
-------------------------+-------+-------+-------++-------
Melee: Hand axe          |    57 |    24 |       ||    81
       Kick              |    16 |    24 |    17 ||    57
       Peck              |     9 |     8 |     7 ||    24
       War axe           |       |    58 |    39 ||    97
Throw: Boomerang         |     7 |       |       ||     7
       Javelin           |       |    23 |     7 ||    30
  Use: Scroll            |     2 |     5 |     9 ||    16
       Potion            |       |     2 |     3 ||     5
Armor: Leather armour    |    13 |     7 |       ||    20
       Ring mail         |       |     7 |       ||     7
       Scale mail        |       |     3 |     9 ||    12
Dodge: Dodged            |    29 |    39 |    21 ||    89

Table legend:
 A = Non-vault XP
 B = Vault XP
 C = Vault XP percentage of total XP
 D = Non-vault monster count
 E = Vault monster count
 F = Vault count percentage of total count
                 A         B        C        D         E       F
            +---------+---------+-------+---------+---------+-------
      Total |    1201 |     103 |   7.9 |      61 |       3 |   4.7
            +---------+---------+-------+---------+---------+-------
        D:1 |      20 |       0 |   0.0 |      11 |       0 |   0.0
        D:2 |     130 |       0 |   0.0 |      18 |       0 |   0.0
        D:3 |      20 |       7 |  25.9 |       6 |       2 |  25.0
        D:4 |     531 |       0 |   0.0 |      19 |       0 |   0.0
        D:5 |     361 |      96 |  21.0 |       4 |       1 |  20.0
        D:6 |     139 |       0 |   0.0 |       3 |       0 |   0.0
            +---------+---------+-------+---------+---------+-------
